 Dungeon Crawl Stone Soup version 0.28-a0-1087-gf3fc490d9d (webtiles) character file.

Game seed: 15541666725870996591

7188 wakim the Fighter (level 11, -8/104 HPs)
             Began as a Ghoul Fighter on Dec 10, 2021.
             Was an Elder of Okawaru.
             Mangled by a yak (10 damage)
             ... on level 9 of the Dungeon.
             The game lasted 00:33:17 (10291 turns).

wakim the Fighter (Ghoul Fighter)                  Turns: 10291, Time: 00:33:17

Health: -8/104     AC: 13    Str: 21    XL:     11   Next: 11%
Magic:  13/13      EV: 11    Int:  5    God:    Okawaru [****..]
Gold:   494        SH: 10    Dex: 16    Spells: 10/10 levels left

rFire   + . .      SeeInvis .   a - +9 spear of Uskayaw's Respect {vorpal, Fragile rF+ Will+ Dex+6}
rCold   + . .      Faith    .   b - +0 buckler
rNeg    + + +      Spirit   .   z - +0 acid dragon scales
rPois   ∞          Reflect  +   j - +0 hat
rElec   .          Harm     .   f - +0 cloak
rCorr   +          Rampage  .   o - +0 pair of gloves
Will    ++...                   h - +2 pair of boots
Stlth   +.........              w - amulet of reflection
HPRegen 0.00/turn               J - ring of willpower
MPRegen 0.13/turn               (no ring)

@: inhibited regen
A: claws 1, cold resistance 1, negative energy resistance 3, inhibited
regeneration, torment resistance 2
a: Renounce Religion, Heroism, Finesse


You were on level 9 of the Dungeon.
You worshipped Okawaru.
Okawaru was greatly pleased with you.
You visited 3 branches of the dungeon, and saw 11 of its levels.

You collected 494 gold pieces.

Inventory:

Hand Weapons
 a - the +9 spear of Uskayaw's Respect (weapon) {vorpal, Fragile rF+ Will+ Dex+6}
   (You found it on level 6 of the Dungeon)

   It inflicts extra damage upon your enemies.
   Dex:       It affects your dexterity (+6).
   rF:        It protects you from fire.
   Fragile:   It will be destroyed if unequipped.
   Will:      It increases your willpower.
Missiles
 e - 6 silver boomerangs (quivered)
 s - 3 boomerangs
 t - a throwing net {=f!f}
Armour
 b - a +0 buckler (worn)
 f - a +0 cloak (worn)
 h - a +2 pair of boots (worn)
 j - a +0 hat (worn)
 o - a +0 pair of gloves (worn)
 z - +0 acid dragon scales (worn)
 H - a +2 ring mail of fire resistance
Jewellery
 q - an amulet of regeneration
 w - an amulet of reflection (around neck)
 x - a ring of ice
 J - a ring of willpower (left hand)
Wands
 v - a wand of flame (18)
 y - a wand of paralysis (14)
Scrolls
 c - a scroll of fear {unknown}
 g - a scroll of immolation {unknown}
 u - a scroll of summoning {unknown}
 A - a scroll of teleportation {unknown}
 D - a scroll of fog {unknown}
 E - 2 scrolls of torment {unknown}
 G - a scroll of acquirement {unknown}
 I - a scroll of vulnerability {unknown}
 R - 2 scrolls of magic mapping {!r}
Potions
 i - a potion of mutation {unknown}
 k - 3 potions of curing
 m - a potion of haste {unknown}
 n - a potion of degeneration {unknown}
 B - 2 potions of attraction {!q}
 F - a potion of brilliance {unknown}
 K - 3 potions of magic
 M - a potion of flight {unknown}
 N - a potion of might
 O - 2 potions of resistance
 P - a potion of ambrosia {unknown}
Miscellaneous
 l - a condenser vane


   Skills:
 - Level 12.0 Fighting
 * Level 5.4 Polearms
 - Level 5.0 Armour
 - Level 4.0 Shields
 - Level 6.9 Unarmed Combat
 - Level 5.0 Invocations
 - Level 6.0 Evocations


You had 10 spell levels left.
You didn't know any spells.
Your spell library contained the following spells:

 Spells                   Type           Power      Damage    Failure   Level
 Passwall                 Tmut/Erth      0%         N/A       71%         2
 Inner Flame              Hex/Fire       0%         N/A       90%         3
 Swiftness                Air            0%         N/A       90%         3
 Cause Fear               Hex            0%         N/A       100%        4
 Fulminant Prism          Conj/Hex       0%         3d6       100%        4
 Iskenderun's Mystic Bla  Conj/Tloc      0%         2d3       100%        4
 Lee's Rapid Deconstruct  Erth           0%         3d5*      100%        5
 Discord                  Hex            0%         N/A       100%        8


Dungeon Overview and Level Annotations

Branches:
Dungeon (9/15)             Temple (1/1) D:7            Lair (1/6) D:9
    Orc: D:9-12

Altars:
Kikubaaqudgha
Nemelex Xobeh
Okawaru
Ru
Sif Muna
Uskayaw
Vehumet
The Shining One
Beogh


Innate Abilities, Weirdness & Mutations

You thrive by killing the living.
You are immune to poison.
You have sharp fingernails.
Your flesh is cold resistant. (rC+)
You are immune to negative energy. (rN+++)
You do not regenerate when monsters are visible.
You are immune to unholy pain and torment.


Message History

* * * LOW HITPOINT WARNING * * *
You hit the yak.
The yak is severely wounded.
You block the yak's attack. You block the cane toad's attack.
The yak gores you!
* * * LOW HITPOINT WARNING * * *
The yak gores you!
* * * LOW HITPOINT WARNING * * *
You hit the yak but do no damage.
The yak is severely wounded.
The cane toad closely misses you. The yak gores you but does no damage.
The yak closely misses you. The yak gores you.
* * * LOW HITPOINT WARNING * * *
You hit the yak.
The yak is severely wounded.
You block the cane toad's attack. The yak gores you!
* * * LOW HITPOINT WARNING * * *
The yak gores you.
* * * LOW HITPOINT WARNING * * *
You hit the yak.
The yak is severely wounded.
The yak gores you.
* * * LOW HITPOINT WARNING * * *
You block the cane toad's attack. The yak closely misses you.
You barely miss the yak.
The yak is severely wounded.
The yak barely misses you. The yak gores you but does no damage.
You block the cane toad's attack.
You barely miss the yak.
The yak is severely wounded.
You block the yak's attack. You block the cane toad's attack.
The yak gores you.
* * * LOW HITPOINT WARNING * * *
You block the yak's attack.
Okay, then.
You puncture the yak!
The yak is almost dead.
The blink frog blinks!
The yak misses you. You block the cane toad's attack. The yak gores you!
You die...

### ########### ####
###:.# #...# #..#
#..#### #.#.#
.#.####....###..(###
.....#...###.†#.#'.#
.............#.###.#
.......#.....÷####.#
###........##..YF###
# ####..##...#FY@Y#
# #.#######.#### ###
###


You could see 3 yaks, a cane toad and a blink frog.

Vanquished Creatures
  Erica (D:8)
  Pikel (D:8)
  A manticore (D:9)
  Maurice (D:8)
  Maggie (D:7)
  3 komodo dragons (D:9)
  A hornet (D:8)
  3 blink frogs (D:9)
  A yak (D:9)
  A shadow (D:7)
  A spriggan (D:8)
  A wyvern (D:9)
  A steam dragon (D:7)
  2 acid dragons (D:9)
  2 water moccasins
  2 ice beasts
  An orc warrior (D:9)
  2 black bears
  An ogre (D:4)
  2 phantoms
  A kobold brigand (D:8)
  A gnoll sergeant (D:7)
  A bullfrog (D:9)
  2 scorpions
  A water moccasin zombie (D:6)
  2 wyvern zombies (D:8)
  6 killer bees (D:7)
  An electric eel (D:7)
  3 howler monkeys (D:8)
  A bullfrog zombie (D:5)
  2 hounds (D:4)
  A jelly (D:5)
  A gnoll shaman (D:9)
  7 orc priests
  A bullfrog skeleton (D:5)
  A centaur skeleton (D:7)
  An iguana (D:5)
  7 orc wizards
  A hound skeleton (D:4)
  3 adders
  12 gnolls
  2 shadow imps
  2 white imps (D:7)
  An ufetubus (D:7)
  5 worms
  3 dart slugs
  22 orcs
  6 bats
  7 endoplasms
  4 giant cockroaches
  7 goblins
  7 hobgoblins
  9 jackals
  A quokka (D:8)
  6 ball pythons
  5 frilled lizards
  9 kobolds
  A quokka skeleton (D:4)
  5 rats
187 creatures vanquished.

Vanquished Creatures (others)
  A fungus (Lair:1)
  10 plants
11 creatures vanquished.

Grand Total: 198 creatures vanquished

Notes
Turn   | Place    | Note
-------+----------+-------------------------------------------
     0 | D:1      | wakim the Ghoul Fighter began the quest for the Orb.
     0 | D:1      | Reached XP level 1. HP: 19/19 MP: 0/0
   304 | D:1      | Reached XP level 2. HP: 26/26 MP: 1/1
   439 | D:1      | Reached XP level 3. HP: 29/31 MP: 2/2
   967 | D:1      | Found a faded altar of an unknown god.
  1512 | D:2      | Reached XP level 4. HP: 40/40 MP: 3/3
  2055 | D:2      | Reached skill level 4 in Fighting
  2055 | D:2      | Reached XP level 5. HP: 36/46 MP: 4/4
  2567 | D:3      | Reached XP level 6. HP: 23/53 MP: 5/5
  3263 | D:4      | Reached skill level 5 in Unarmed Combat
  3440 | D:4      | Reached skill level 5 in Fighting
  3440 | D:4      | Reached XP level 7. HP: 61/61 MP: 6/6
  3865 | D:5      | Entered Level 5 of the Dungeon
  4094 | D:5      | Found a hide-covered altar of Uskayaw.
  4102 | D:5      | Found a sparkling altar of Nemelex Xobeh.
  4110 | D:5      | Found an ancient bone altar of Kikubaaqudgha.
  4111 | D:5      | Found a radiant altar of Vehumet.
  4117 | D:5      | Found a shimmering blue altar of Sif Muna.
  4813 | D:6      | Found an iron altar of Okawaru.
  4876 | D:6      | Reached skill level 6 in Fighting
  4876 | D:6      | Reached XP level 8. HP: 52/70 MP: 7/7
  5116 | D:6      | Became a worshipper of Warmaster Okawaru
  5409 | D:6      | Reached skill level 5 in Armour
  5636 | D:6      | Identified the +9 spear of Uskayaw's Respect {vorpal,
                  | Fragile rF+ Will+ Dex+6}
  5661 | D:7      | Reached skill level 7 in Fighting
  5661 | D:7      | Reached skill level 1 in Invocations
  5664 | D:7      | Reached skill level 1 in Polearms
  5792 | D:7      | Noticed Maggie
  5801 | D:7      | Killed Maggie
  5801 | D:7      | Reached * piety under Okawaru
  5802 | D:7      | Reached XP level 9. HP: 69/79 MP: 8/10
  5982 | D:7      | Reached ** piety under Okawaru
  6611 | D:7      | Found a staircase to the Ecumenical Temple.
  6617 | Temple   | Entered the Ecumenical Temple
  6747 | D:7      | Reached skill level 5 in Invocations
  6802 | D:8      | Reached skill level 8 in Fighting
  7194 | D:8      | Noticed Erica
  7227 | D:8      | Killed Erica
  7227 | D:8      | Reached *** piety under Okawaru
  7228 | D:8      | Reached skill level 10 in Fighting
  7385 | D:8      | Found a sacrificial altar of Ru.
  7404 | D:8      | Noticed a hornet
  7422 | D:8      | Killed a hornet
  7423 | D:8      | Reached XP level 10. HP: 69/94 MP: 10/12
  7432 | D:8      | Noticed Maurice
  7486 | D:8      | Killed Maurice
  7487 | D:8      | Reached skill level 11 in Fighting
  7889 | D:8      | Noticed Pikel
  7910 | D:8      | Killed Pikel
  8215 | D:9      | Noticed a manticore
  8230 | D:9      | Killed a manticore
  9357 | D:9      | Reached **** piety under Okawaru
  9581 | D:9      | Reached skill level 12 in Fighting
  9581 | D:9      | Reached skill level 5 in Evocations
  9779 | D:9      | Found a staircase to the Lair.
  9855 | Lair:1   | Entered Level 1 of the Lair of Beasts
  9882 | D:9      | Reached XP level 11. HP: 64/104 MP: 13/13
 10091 | D:9      | Reached skill level 5 in Polearms
 10288 | D:9      | HP: 5/104 [yak (2)]
 10290 | D:9      | HP: 2/104 [yak (3)]
 10291 | D:9      | Mangled by a yak

Illustrated notes

Levels and vault maps discovered:
D:1:      amcnicky_arrival_flooded_fountain, layout_loops_ring,
          hellmonk_ecumenical_altar_defaced_shrine
D:2:      layout_basic, serial_forest, infiniplex_forest_zigzag_2,
          infiniplex_forest_end_2, infiniplex_forest_clump_medium,
          infiniplex_forest_zigzag_1, infiniplex_forest_lined_corner,
          infiniplex_forest_lined_2, minmay_strange_pillars, minmay_tetromino_l4
D:3:      cheibrodos_pilgrimage, layout_basic, patterned_corridor
D:4:      layout_loops_ring, hangedman_decor_lopped
D:5:      layout_basic, nicolae_overflow_hallway_of_the_gods
D:6:      layout_cave_pools, okawaru_metal_pillars_1_2
D:7:      layout_basic, temple_statues, serial_bayou_pond_b, uniq_maggie
D:8:      layout_loops_ring, nicolae_ru_great_annihilating_truth,
          tso_metal_star, the_hattery, uniq_pikel, uniq_maurice, uniq_erica
D:9:      layout_roguey, erik_lair_dragon
Temple:   nicolae_temple_god_jail
Lair:1:   layout_big_grid, infiniplex_staircase_pool_2, lemuel_fruit_fields

Skill      XL: |  1  2  3  4  5  6  7  8  9 10 11 |
---------------+----------------------------------+-----
Shields        | 3 4 |  4.0
Unarmed Combat | 3 4 6 |  6.9
Fighting       | 4 5 6 7 10 12 | 12.0
Armour         | 3 5 |  5.0
Invocations    | 3 5 |  5.0
Polearms       | 2 4 5 |  5.4
Evocations     | 6 |  6.0

Action                   |  1- 3 |  4- 6 |  7- 9 | 10-12 || total
-------------------------+-------+-------+-------+-------++-------
Melee: Unarmed           |   143 |   206 |   144 |       ||   493
       Spear             |       |       |   150 |   190 ||   340
Invok: Heroism           |       |       |     2 |     4 ||     6
       Finesse           |       |       |       |     1 ||     1
Evoke: Wand              |       |       |     2 |       ||     2
  Use: Potion            |       |       |     1 |       ||     1
       Scroll            |       |       |       |     7 ||     7
 Stab: Paralysed         |       |       |     1 |       ||     1
Armor: Scale mail        |    56 |       |       |       ||    56
       Chain mail        |     4 |    79 |    86 |    15 ||   184
       Acid dragon scale |       |       |       |    25 ||    25
Dodge: Dodged            |    60 |    62 |    60 |    54 ||   236
Block: Buckler           |    22 |    56 |    96 |    78 ||   252
       Reflection        |       |       |     3 |       ||     3

Table legend: (Time is in decaauts)
 A = Elapsed time spent in this place.
 B = Non-inter-level travel time spent in this place.
 C = Inter-level travel time spent in this place.
 D = Time resting spent in this place.
 E = Time spent auto-exploring this place.
 F = Levels seen in this place.
 G = Mean time per level.
                   A        B        C        D        E       F      G
               +--------+--------+--------+--------+--------+-----+--------+
         Total |  10210 |   9908 |    302 |    434 |   7682 |  11 |  928.2 |
       Dungeon |  10188 |   9886 |    302 |    434 |   7682 |   9 | 1132.0 |
        Temple |      1 |      1 |      0 |      0 |      0 |   1 |    1.0 |
          Lair |     20 |     20 |      0 |      0 |      0 |   1 |   20.0 |
               +--------+--------+--------+--------+--------+-----+--------+

Top non-repeatable levels by time:
     D:9: 2130 daAuts
     D:8: 1305 daAuts
     D:3: 1237 daAuts
     D:7: 1133 daAuts
     D:5: 1084 daAuts
     D:1: 1018 daAuts
     D:4: 807 daAuts
     D:2: 779 daAuts
     D:6: 691 daAuts
  Lair:1: 20 daAuts
  Temple: 1 daAuts
